Cogmind - Beta 14 @@@ ROGUE MODE // 2024.12.26 @ 21:59:03 Player: Golinth Result: Destroyed by Y-45 Defender with Beam Rifle Performance ------------- Evolutions (0) 0 Regions Visited (3) 600 Robots Destroyed (16) 80 Value Destroyed (377) 377 Prototype IDs (0) 0 Alien Tech Used (0) 0 Bonus (-13) -13 TOTAL SCORE: 1044 Bonus ------- Friendly Fire -13 Cogmind --------- Core Integrity 0/250 Matter 288/300 Energy 98/100 System Corruption 8% Temperature Cool (10) Movement Walking (120) Location -10/Subcaves Parts ------- > --- POWER (1) -------- (None) > --- PROPULSION (2) --- Aluminum Leg > --- UTILITY (2) ------ Small Storage Unit > --- WEAPON (2) ------- Particle Gun > --- INVENTORY (8) ---- Flight Unit Visual Processing Unit Signal Interpreter Transport Network Coupler EM Pulse Gun Datajack Mining Claw Peak State ------------ > --- POWER ------------ Light Ion Engine > --- PROPULSION ------- Aluminum Leg Aluminum Leg > --- UTILITY ---------- Small Storage Unit Weapon Shielding > --- WEAPON ----------- Medium Laser Small Laser > --- INVENTORY -------- Flight Unit Visual Processing Unit Signal Interpreter Transport Network Coupler EM Pulse Gun Particle Gun Datajack Mining Claw [Rating: 8] Favorites ----------- Power Ion Engine Engine Ion Engine Propulsion Aluminum Leg Leg Aluminum Leg Utility Small Storage Unit Storage Small Storage Unit Protection Weapon Shielding Weapon Medium Laser Energy Gun Medium Laser Slashing Weapon Mining Claw Special Melee Weapon Datajack Build | -11 -10 -10 -10 ------- Run | Yrd Mat Min Sub Slots Evolved . | . . . . Power . | . . . . Propulsion . | . . . . Utility . | . . . . Weapon . | . . . . Parts Attached 20 | 4 9 7 . Power 2 | . 1 1 . Engine 2 | . 1 1 . Core . | . . . . Reactor . | . . . . Propulsion 4 | 1 2 1 . Treads . | . . . . Leg 4 | 1 2 1 . Wheel . | . . . . Hover . | . . . . Flight . | . . . . Utility 3 | 1 2 . . Device . | . . . . Storage 1 | 1 . . . Processor . | . . . . Hackware . | . . . . Protection 2 | . 2 . . Artifact . | . . . . Weapon 11 | 2 4 5 . Energy Gun 9 | 2 3 4 . Energy Cannon . | . . . . Ballistic Gun . | . . . . Ballistic Cannon . | . . . . Launcher . | . . . . Special Weapon . | . . . . Impact Weapon . | . . . . Slashing Weapon 1 | . . 1 . Piercing Weapon . | . . . . Special Melee Weapon 1 | . 1 . . Unidentified Prototypes . | . . . . Parts Lost 7 | . . 4 3 Power 2 | . . 1 1 Propulsion 2 | . . 1 1 Utility 1 | . . 1 . Weapon 2 | . . 1 1 Highest Loss Streak 2 | . . 2 2 To Critical Strikes . | . . . . Average Slot Usage (%) 94 | . 95 97 74 Engine 13 | . 14 14 12 Leg 27 | . 28 26 28 Storage 14 | . 14 14 14 Protection 10 | . 9 12 . Energy Gun 25 | . 26 25 18 Slashing Weapon 1 | . . 2 . Peak Build Rating 8 | 4 7 8 7 Average Rating 6 | 3 6 7 6 On Entrance 4 | . 4 7 7 Naked Turns . | . . . . Heaviest Build 15 | 8 15 15 12 Greatest Support 20 | 10 20 20 20 Greatest Overweight (x) 1 | . . 1 . Average Overweight (x) . | . . . . Largest Inventory Capacity 8 | 8 8 8 8 Average Capacity 7 | 7 8 8 8 Most Carried 8 | 4 8 8 7 Average Carried 6 | 3 4 7 7 Final Capacity 8 | 8 8 8 8 Final Carried 8 | 4 8 7 7 Class Distribution -------------------- 78% | Mutant 21% | Scavenger-Mutant Dominant Class ---------------- Mutant | -10/Materials Mutant | -10/Mines Scavenger-Mutant | -10/Subcaves Resources | -11 -10 -10 -10 ----------- Run | Yrd Mat Min Sub Matter Collected 385 | 188 132 65 . Remotely . | . . . . Salvage Created 704 | . 267 437 . Parts 29 | . 13 16 . Haulers Intercepted 1 | . 1 . . Recyclers Shooed 3 | . . 3 . Parts Field Recycled . | . . . . Retrieved Matter . | . . . . Parts Self-Destructed . | . . . . Prevented . | . . . . Kills | -11 -10 -10 -10 ------- Run | Yrd Mat Min Sub Combat Hostiles Destroyed 12 | . 4 8 . Guns 12 | . 4 8 . Classes Destroyed 6 | . 3 3 . Hauler 1 | . 1 . . Recycler 3 | . . 3 . Watcher 1 | . 1 . . Swarmer 3 | . . 3 . Grunt 8 | . 4 4 . Assembled 1 | . . 1 . Best Kill Streak 3 | . 2 3 . Combat Bots Only 3 | . 2 3 . Max Kills in Single Turn 2 | . 1 2 . Gunslinging 1 | . . 1 . Exploded . | . . . . Melee . | . . . . Uniques/NPCs Destroyed . | . . . . Combat | -11 -10 -10 -10 -------- Run | Yrd Mat Min Sub Hostile Shots Fired 100 | . 18 59 23 Missed 37 | . 6 17 14 Damage Taken 940 | . 142 632 166 Core 251 | . 42 156 53 Absorbed by Shields . | . . . . Redirected to Shielding 41 | . 5 36 . Core Remaining (%) 100 | 100 . . . Volleys Fired 64 | . 23 41 . Largest 2 | . 2 2 . Hottest 115 | . 90 115 . Shots Fired 123 | . 47 76 . Gun 123 | . 47 76 . Cannon . | . . . . Launcher . | . . . . Special . | . . . . Kinetic . | . . . . Thermal 111 | . 35 76 . Explosive . | . . . . Electromagnetic 12 | . 12 . . Robot Hit Streak 17 | . 17 10 . Robot Miss Streak 5 | . 4 5 . Penetration Max . | . . . . Secondary Targets 2 | . . 2 . Max Gunslinging Chain 1 | . . 1 . Shots Hit Robots 80 | . 31 49 . Core Hits 33 | . 12 21 . Critical Kills . | . . . . Critical Parts Destroyed . | . . . . Critical Strikes 5 | . 3 2 . Burn 5 | . 3 2 . Melee Attacks 3 | . 1 2 . Impact . | . . . . Slashing 2 | . . 2 . Piercing . | . . . . Sneak Attacks 1 | . 1 . . Combat Hostiles . | . . . . Follow-up Attacks . | . . . . Damage Inflicted 992 | . 366 626 . Guns 980 | . 366 614 . Cannons . | . . . . Explosions . | . . . . Melee . | . . . . Ramming 12 | . . 12 . Kinetic . | . . . . Thermal 841 | . 227 614 . Explosive . | . . . . Electromagnetic 139 | . 139 . . Impact . | . . . . Slashing . | . . . . Piercing . | . . . . Highest Corruption 8 | . 1 8 8 Average Corruption 2 | . 1 1 8 Corruption Purged . | . . . . Corruption Blocked . | . . . . Effects 9 | . 1 5 3 Message Errors 1 | . . 1 . Matter Fused 2 | . . 1 1 Heat Flow Errors 1 | . . . 1 Energy Discharges 2 | . . 2 . Data Loss (major) 1 | . . . 1 Misfires 1 | . 1 . . Alerts 1 | . . 1 . Overload Shots . | . . . . Overflow Damage . | . . . . Projectiles . | . . . . Explosions . | . . . . Melee . | . . . . Knockbacks . | . . . . Impact . | . . . . Kinetic . | . . . . Secondary . | . . . . Self-Inflicted Damage . | . . . . Shots . | . . . . Rammed . | . . . . Targets Rammed 3 | . . 3 . Kicked 3 | . . 3 . Crushed . | . . . . Highest Temperature 301 | . 180 301 214 Average Temperature 90 | . 63 105 118 Received Heat Transfer 333 | . 78 204 51 Effects 1 | . . 1 . Interference 1 | . . 1 . Siege Activations . | . . . . Robots Corrupted . | . . . . Combat Hostiles . | . . . . Parts Fried . | . . . . Impact Corruptions . | . . . . Robots Melted . | . . . . Combat Hostiles . | . . . . Parts Melted 4 | . . 4 . Heat Transferred 2599 | . 853 1746 . Parts Sabotaged . | . . . . Parts Stolen . | . . . . Parts Stripped . | . . . . Power Chain Reactions . | . . . . Alert | -11 -10 -10 -10 ------- Run | Yrd Mat Min Sub Peak Influence 230 | . 109 230 . Initial 25 | . . 25 . Average 74 | . 35 119 . Maximum Alert Level 1 | . . 1 . Low Security (%) 81 | 100 100 63 . Level 1 18 | . . 36 . Level 2 . | . . . . Level 3 . | . . . . Level 4 . | . . . . Level 5 . | . . . . High Security . | . . . . Max Security . | . . . . Squads Dispatched 1 | . 1 . . Investigation . | . . . . Extermination . | . . . . Reinforcement 1 | . 1 . . Assault . | . . . . Garrison . | . . . . Intercept . | . . . . Searches Triggered . | . . . . Construction Impeded . | . . . . Haulers Reinforced . | . . . . Active Scanning Responses . | . . . . Cargo Convoy Interrupts . | . . . . Stealth | -11 -10 -10 -10 --------- Run | Yrd Mat Min Sub Distress Signals 3 | . 1 2 . Communications Jammed . | . . . . Distress Signals . | . . . . Times Spotted 36 | . 11 21 4 Peak Tracking Total 12 | . 4 12 4 Tactical Retreats 7 | . 1 6 . Traps | -11 -10 -10 -10 ------- Run | Yrd Mat Min Sub Traps Triggered 1 | . 1 . . Indirectly . | . . . . Trap Hack Attempts . | . . . . Triggered . | . . . . Disarmed . | . . . . Reprogrammed . | . . . . Reused . | . . . . Traps Extracted . | . . . . Installed . | . . . . Triggered . | . . . . Machines | -11 -10 -10 -10 ---------- Run | Yrd Mat Min Sub Machines Disabled . | . . . . Max in Single Turn . | . . . . Machines Repaired . | . . . . Machines Dismantled . | . . . . Machines Sabotaged . | . . . . Overloaded Fab Kills . | . . . . Hacking | -11 -10 -10 -10 --------- Run | Yrd Mat Min Sub Machines Accessed 3 | . 3 . . Terminals 3 | . 3 . . Fabricators . | . . . . Repair Stations . | . . . . Recycling Units . | . . . . Scanalyzers . | . . . . Garrison Access . | . . . . Total Hacks 9 | . 9 . . Successful 4 | . 4 . . Failed 5 | . 5 . . Catastrophic . | . . . . Database Lockouts . | . . . . Manual 9 | . 9 . . Terminals 9 | . 9 . . Fabricators . | . . . . Repair Stations . | . . . . Recycling Units . | . . . . Scanalyzers . | . . . . Garrison Access . | . . . . Terminal Hacks . | . . . . Fabricator Hacks . | . . . . Repair Station Hacks . | . . . . Recycling Unit Hacks . | . . . . Scanalyzer . | . . . . Garrison Access Hacks . | . . . . Unauthorized Hacks 4 | . 4 . . Terminals 4 | . 4 . . Assimilate 3 | . 3 . . Botnet 1 | . 1 . . Fabricators . | . . . . Repair Stations . | . . . . Recycling Units . | . . . . Scanalyzers . | . . . . Garrison Access . | . . . . Data Cores Recovered . | . . . . Used . | . . . . Hacking Detections 3 | . 3 . . Full Trace Events 1 | . 1 . . Feedback Events . | . . . . Feedback Blocked . | . . . . Robot Schematics Acquired . | . . . . Robots Built . | . . . . Authchips . | . . . . Time . | . . . . Total Robot Build Rating . | . . . . Part Schematics Acquired . | . . . . Parts Built . | . . . . Authchips . | . . . . Time . | . . . . Total Part Build Rating . | . . . . Parts Repaired . | . . . . Time . | . . . . Parts Recycled . | . . . . Recycled Matter . | . . . . Retrieved Matter . | . . . . Retrieved Components . | . . . . Parts Scanalyzed . | . . . . Part Schematics Acquired . | . . . . Parts Damaged . | . . . . Bothacking | -11 -10 -10 -10 ------------ Run | Yrd Mat Min Sub Used RIF Installer . | . . . . Robots Hacked 1 | . 1 . . Non-combat 1 | . 1 . . Combat . | . . . . Robot Hacks Applied 1 | . 1 . . parse_system 1 | . 1 . . Relay Couplers Released . | . . . . Fabnet Peak Effective % . | . . . . Robots Rewired . | . . . . Allies Hacked . | . . . . Hacks Repelled . | . . . . Allies | -11 -10 -10 -10 -------- Run | Yrd Mat Min Sub Total Allies 1 | . 1 . . Largest Group 1 | . 1 . . Highest-Rated Group 10 | . 10 . . Highest-Rated Ally 10 | . 10 . . Total Orders 1 | . 1 . . ROAM 1 | . 1 . . Ally Attacks . | . . . . Total Damage . | . . . . Kills . | . . . . Allies Corrupted . | . . . . Allies Melted . | . . . . Intel | -11 -10 -10 -10 ------- Run | Yrd Mat Min Sub Robot Analysis Total . | . . . . Derelict Logs Recovered 1 | . . 1 . Drone Launches . | . . . . Drone Recoveries . | . . . . Exploration | -11 -10 -10 -10 ------------- Run | Yrd Mat Min Sub Turns Passed 1292 | 111 485 609 87 Spaces Moved 802 | 46 305 378 73 Core 11 | 11 . . . Treads . | . . . . Legs 791 | 35 305 378 73 Wheels . | . . . . Hover . | . . . . Flight . | . . . . Fastest Speed 50 | 50 120 120 120 Average Speed 120 | 103 120 122 120 Slowest Speed 190 | 120 120 190 120 Overloaded Moves . | . . . . Propulsion Burnouts . | . . . . Robots Hopped . | . . . . Cave-ins Triggered . | . . . . Exploration Rate (%) 28 | 4 45 56 10 Regions Visited 3 Branch Regions 2 Pre-discovered Areas 1 | . . 1 . Known Exits Taken . | . . . . Unknown Exits Taken 3 | 1 1 1 . Scrap Searched . | . . . . Spaces Dug . | . . . . Terrain Destroyed . | . . . . Melee . | . . . . Projectile . | . . . . AOE . | . . . . Terrain Rammed . | . . . . Walls Destroyed . | . . . . Machines Disabled . | . . . . Actions | -11 -10 -10 -10 --------- Run | Yrd Mat Min Sub Total 1003 | 109 377 444 73 Wait 81 | 52 25 4 . Move 799 | 45 304 377 73 Hop . | . . . . Pick Up 25 | 8 11 6 . Fast Attach . | . . . . Attach 10 | 4 3 3 . Detach . | . . . . Swap 10 | . 6 4 . Drop 8 | . 4 4 . Fire 64 | . 23 41 . Melee 3 | . 1 2 . Ram . | . . . . Kick 3 | . . 3 . Crush . | . . . . Escape Stasis . | . . . . Rewire . | . . . . Trap . | . . . . Miscellaneous . | . . . . Route ------- -11/Scrapyard -10/Materials (discovered 2 exits: [*Mat] / [*Min]) -10/Mines -10/Subcaves History --------- Turn | Location | Event 6 | -11/Scrapyard | Discovered new exit (range 15) 112 | -11/Scrapyard | Entered Materials 318 | -10/Materials | Build established: Mutant 432 | -10/Materials | Discovered new exit (range 7) 458 | -10/Materials | Discovered new exit (range 14) 597 | -10/Materials | Entered Mines 644 | -10/Mines | Met a Derelict bent on vengeance 830 | -10/Mines | Learned location of Storage (-7) 1004 | -10/Mines | Core integrity fell below 50% 1087 | -10/Mines | Assembled infested the area 1199 | -10/Mines | Discovered new exit (range 6) 1206 | -10/Mines | Entered Subcaves 1256 | -10/Subcaves | Core integrity fell below 20% 1293 | -10/Subcaves | Destroyed by Y-45 Defender with Beam Rifle Last Messages --------------- 01157_ System corrupted by crushing effect (+3). 01158_ as-53225 suffers critical hit (Burn). 01163_ Knocked back. 01167_ Med. Laser destroyed. 01167_ System corrupted by crushing effect (+4). 01173_ System corrupted: Matter fused (-10). 01174_ as-53225 destroyed. 01199_ EXIT=FOUND LOCATION=UNKNOWN AMBIENT_HEAT=-10 GOAL=ESCAPE 01220_ System corrupted: Heat flow error (+252). 01236_ System corrupted: Matter fused (-7). 01237_ Sml. Laser destroyed. 01273_ System corrupted: Substantial component data lost. 01280_ Subatomizers dissect the Sub. Power Source. 01284_ Lgt. Ion Engine destroyed. 01289_ G-34 Mercenary destroyed. 01290_ Aluminum Leg destroyed. 01293_ Subatomizers dissect the Sub. Power Source. Map ----- +----------------------------------------------------+ | ??????# ?? ? #??# #???????????????? | | ??????# ?##???##??# #???????????????? | | ?????? ???????????## # ####???????????????? | | ?????## #????##?##??## ##" #????????????????? | | ????????????## ## ### #????????????????? | | ???????????## ##????????????????? | | ?????????"## ##?????????????????? | | ?????????"""" ##??????????????????? | | ?????????"""" #???????????????????? | | ?????????"""## ##???????????????????? | | ?????????????## "#########???????????????? | | ??????????????# # # ### ##??????????????? | | ??????????????# #??????????????? | | ?????????????# #??????????????? | | ????????????# ### ## ##RR #??????????????? | | ???????????# ###??######## ##?????????????? | | ???????????## #????????## #?????????????? | | ????????????##?????????# ##?????????????? | | ???????????????????????## % #??????????????? | | ???????????????????????## &Y ###?????????????? | | ???????????????????????# % #?????????????? | | ???????????????????????# * #?????????????? | | ??????????????????????## #?????????????? | | ??????????????????????# #?????????????? | | ??????????????????????### #?????????????? | | ????????????????????????#@ #?????????????? | | ???????????????????????# ##?????????????? | | ?????????????????????? ##??????????????? | | ????????????????????? #???????????????? | | ???????????????????? ##???????????????? | | ???????????????????# ##????????????????? | | ???????????????????# ##?????????????????? | | ???????????????????## ##??????????????????? | | ????????????????????# ##???????????????????? | | ????????????????????## ?????????????????????? | | ????????????????????? #?????????????????????? | | ????????????????????? ??????????????????????? | | ????????????????????## ??????????????????????? | | ????????????????????? ??????????????????????? | | ????????????????????? ???????????????????????? | | ??????????????????????????????????????????????? | | ??????????????????????????????????????????????? | | ??????????????????????????????????????????????? | | ??????????????????????????????????????????????? | | ??????????????????????????????????????????????? | | ??????????????????????????????????????????????? | | ??????????????????????????????????????????????? | | ??????????????????????????????????????????????? | | ??????????????????????????????????????????????? | | ??????????????????????????????????????????????? | +----------------------------------------------------+ Best States ------------- Heat Dissipation 25 Energy Generation 10 Energy Capacity 250 Matter Stores 300 Matter Capacity 300 Sight Range 16 Terrain Scan Density 10 Core Shielding 20 Weapon Shielding 33 Evasion (%) 55 Item Schematics ----------------- None Robot Schematics ------------------ None Fabricated ------------ Nothing Alien Tech Used ----------------- None Achievements -------------- None Challenges ------------ None Game ------ Seed GammaMyomerClaw Manual? 0 Play Time 00:14:46 Cumulative 9.8 hours Start 2024.12.26 @ 19:03:40 End 2024.12.26 @ 21:59:03 Sessions 1 Manual Loads 0 Difficulty Rogue Special Mode None Game No. 17 Rogue 10 Adventurer 7 Explorer 0 Win Type - Total 0 Types 0/0/0/0/0/0/0/0/0 Lore% 6 Gallery% 18 Achievement% 16 Wizard Run 0 Options --------- Layout 0 ASCII 0 Keyboard 0 Movement Mouse Keybinds 0 Fullscreen 1 Font 24/Smallcaps Map View 76x50 Zoom Use 0% Tactical HUD 1 Map Filters NONE Filters NONE Steam 1 RUN: fe14a9e0-07a1-40bb-b663-ff21f6d07b3c